 Dungeon Crawl Stone Soup version 0.31-a0-1611-g890cdf5 (webtiles) character file.

Game seed: 11395543255643047119

413 PidgeyThePirate the Slasher (level 7, -2/51 HPs)
             Began as a Djinni Chaos Knight on Jan 8, 2024.
             Was a Plaything of Xom.
             Slain by a hellwing (3 damage)
             ... led by Pikel
             ... on level 4 of the Dungeon.
             The game lasted 00:07:06 (2528 turns).

PidgeyThePirate the Slasher (Djinni Chaos Knight)   Turns: 2528, Time: 00:07:08

Health: -2/51      AC:  6    Str: 12 (13) XL:     7   Next: 14%
Gold:   174        EV: 10    Int: 12 (13) God:    Xom [..*...] SH:  4 Dex: 12 (13)

rFire   + + .        a - +0 falchion (chaos)
rCold   + . .        d - +0 buckler
rNeg    . . .        o - +0 ring mail {rC+}
rPois   ∞            (no helmet)
rElec   .            (no cloak)
rCorr   .            k - +0 pair of gloves
SInv    .            (boots unavailable)
Will    .....        (no amulet)
Stlth   +            e - ring of protection from fire
HPRegen 0.28/turn    t - ring of ice
MPRegen 0.00/turn

%: infuse magic (-3 HP)
@: mighty, brilliant, on berserk cooldown, flying, slowed, very slow
A: sickness immunity, fire resistance 2, cold vulnerability 1, float, innate
caster, HP casting, extra vitality 1
a: Renounce Religion


You were on level 4 of the Dungeon.
You worshipped Xom.
You were a toy of Xom.
You visited 1 branch of the dungeon, and saw 4 of its levels.

You collected 174 gold pieces.

Inventory:

Hand Weapons
 a - a +0 falchion of chaos (weapon)
Armour
 b - a +2 leather armour
 d - a +0 buckler (worn)
 i - a +0 pair of gloves
 k - a +0 pair of gloves (worn)
 o - a +0 ring mail of cold resistance (worn)
 u - a +0 cloak
Jewellery
 e - a ring of protection from fire (left hand)
 t - a ring of ice (right hand)
Wands
 s - a wand of mindburst (14)
Scrolls
 c - a scroll of butterflies
 f - a scroll of revelation {unknown}
 h - 3 scrolls of enchant weapon {unknown}
 j - 3 scrolls of identify {unknown}
 m - a scroll of immolation {unknown}
 n - 2 scrolls of fear {unknown}
 v - 3 scrolls of enchant armour {unknown}


   Skills:
 + Level 3.9 Fighting
 + Level 4.6 Long Blades
 + Level 3.1 Armour
 + Level 3.4 Dodging
 + Level 0.2 Stealth
 + Level 1.0 Shields
 * Level 1.0 Spellcasting
 * Level 1.0 Conjurations
 * Level 1.0 Hexes
 * Level 1.0 Summonings
 * Level 1.0 Necromancy
 * Level 1.0 Translocations
 * Level 1.0 Fire Magic
 * Level 1.0 Ice Magic
 * Level 1.0 Air Magic
 * Level 1.0 Earth Magic
 * Level 1.0 Alchemy


You knew the following spells:

 Your Spells              Type           Power      Damage    Failure   Level
a - Apportation           Tloc           8%         N/A       52%         1
b - Jinxbite              Hex            8%         N/A       67%         2
c - Confusing Touch       Hex            4%         N/A       88%         3
Your spell library was empty.

Dungeon Overview and Level Annotations

Branches:
Dungeon (4/15)             Temple (0/1) D:4

Altars:
Ashenzari
Elyvilon
Hepliaklqana
Qazlal
Uskayaw
Xom
Yredelemnul

Annotations:
D:4 1 runed translucent door, Crazy Yiuf, Pikel


Innate Abilities, Weirdness & Mutations

You are immune to sickness and miasma.
You are immune to poison.
Your flesh is very heat resistant. (rF++)
You are vulnerable to cold. (rC-)
You float through the air rather than walking.
You learn spells naturally, not from books.
Your magical power is your life essence.
You have superior vitality. (+4 MHP)


Message History

Pikel zaps a wand.
The bolt of acid hits the endoplasm.
The endoplasm completely resists.
The bolt of acid hits your butterfly! The acid corrodes your butterfly!
Your butterfly dies!
Your butterfly disappears in a burst of colours!
The bolt of acid hits your butterfly!
Your butterfly dies!
Your butterfly disappears in a burst of colours!
The bolt of acid hits your butterfly! The acid corrodes your butterfly!
Your butterfly dies!
Your butterfly disappears in a burst of colours!
The bolt of acid hits you.
You hit the hellwing but do no damage.
The hellwing is almost dead.
Your butterfly disappears in a burst of colours!
The hellwing hits you but does no damage.
The hellwing hits you. The hellwing hits you!
* * * LOW HITPOINT WARNING * * *
The hellwing hits you but does no damage.
The endoplasm misses your butterfly.
You closely miss the hellwing.
The hellwing is almost dead.
Your butterfly disappears in a burst of colours!
The hellwing hits you!
* * * LOW HITPOINT WARNING * * *
You emit a cloud of colourful smoke!
The hellwing hits you but does no damage.
The endoplasm hits your butterfly.
Your butterfly dies!
Your butterfly disappears in a burst of colours!
The ogre closely misses you.
You hit the hellwing. You burn the hellwing.
The hellwing is almost dead.
Your butterfly disappears in a burst of colours!
The hellwing hits you but does no damage.
The hellwing closely misses you. You block the ogre's attack.
Pikel misses your butterfly. The hellwing closely misses you.
The hellwing hits you.
You die...
Xom chuckles heartily!

##.# ♣♣.♣ # ... ♣.♣♣ # ....
♣♣.♣♣ # .... ♣...♣♣ # #>.
♣.b♣.♣ # ##... #....# #
#[....####Kbbb################
#...5KJ5.5)Jb§................
#....J######O@4###############
##..# ##### #### #. .... .#..
.... .#.. .... ####


You could see a hellwing (ally target), Pikel, an ogre, 2 lemures and 2
endoplasms.

Vanquished Creatures
  Eustachio (D:4)
  A water moccasin (D:4)
  An orc priest (D:3)
  An iguana (D:4)
  2 adders
  4 dart slugs
  4 orcs (D:3)
  5 bats
  10 endoplasms
  2 giant cockroaches
  4 goblins
  8 hobgoblins
  2 jackals
  4 kobolds
  3 quokkas
  7 ball pythons
  6 frilled lizards
  6 rats
71 creatures vanquished.

Vanquished Creatures (collateral kills)
  A ribbon worm (D:2)
  A jackal (D:2)
2 creatures vanquished.

Grand Total: 73 creatures vanquished

Notes
Turn   | Place    | Note
-------+----------+-------------------------------------------
     0 | D:1      | PidgeyThePirate the Djinni Chaos Knight began the quest for
                  | the Orb.
     0 | D:1      | Reached XP level 1. HP: 20/20 MP: 0/0
    52 | D:1      | Found a faded altar of an unknown god.
   202 | D:1      | Reached XP level 2. HP: 25/25 MP: 0/0
   215 | D:1      | XOM: silly message
   291 | D:1      | XOM: silly message
   402 | D:1      | Reached skill level 3 in Long Blades
   651 | D:2      | Found a basalt altar of Yredelemnul.
   673 | D:2      | Reached XP level 3. HP: 23/30 MP: 0/0
   673 | D:2      | Learned a level 1 spell: Apportation
   863 | D:2      | XOM: cast spell 'Summon Small Mammal'
   868 | D:2      | XOM: scenery: create altars
  1106 | D:2      | XOM: scenery: summon butterflies
  1107 | D:2      | Reached XP level 4. HP: 35/35 MP: 0/0
  1385 | D:3      | Found a stormy altar of Qazlal.
  1536 | D:3      | XOM: god gift: shiny ring mail {god gift}
  1733 | D:3      | Reached XP level 5. HP: 40/40 MP: 0/0
  1733 | D:3      | Learned a level 2 spell: Jinxbite
  1783 | D:3      | XOM: smoke on damage
  1879 | D:4      | Found a broken altar of Ashenzari.
  1917 | D:4      | Found a hazy altar of Hepliaklqana.
  1936 | D:4      | Found a white marble altar of Elyvilon.
  1986 | D:4      | Noticed a water moccasin
  1989 | D:4      | Found a staircase to the Ecumenical Temple.
  1998 | D:4      | Killed a water moccasin
  1999 | D:4      | Reached skill level 4 in Long Blades
  1999 | D:4      | Reached XP level 6. HP: 23/47 MP: 0/0
  2167 | D:4      | Found a hide-covered altar of Uskayaw.
  2190 | D:4      | XOM: butterfly on damage
  2452 | D:4      | Found a runed translucent door.
  2453 | D:4      | Noticed Crazy Yiuf
  2466 | D:4      | Noticed Eustachio
  2485 | D:4      | XOM: potion effect (might)
  2490 | D:4      | XOM: silly message
  2494 | D:4      | XOM: noise
  2509 | D:4      | Noticed an ogre
  2510 | D:4      | Killed Eustachio
  2511 | D:4      | Reached skill level 1 in Shields
  2511 | D:4      | Reached skill level 1 in Spellcasting
  2511 | D:4      | Reached skill level 1 in Conjurations
  2511 | D:4      | Reached skill level 1 in Hexes
  2511 | D:4      | Reached skill level 1 in Summonings
  2511 | D:4      | Reached skill level 1 in Necromancy
  2511 | D:4      | Reached skill level 1 in Translocations
  2511 | D:4      | Reached skill level 1 in Fire Magic
  2511 | D:4      | Reached skill level 1 in Ice Magic
  2511 | D:4      | Reached skill level 1 in Air Magic
  2511 | D:4      | Reached skill level 1 in Earth Magic
  2511 | D:4      | Reached skill level 1 in Alchemy
  2511 | D:4      | Reached XP level 7. HP: 26/51 MP: 0/0
  2511 | D:4      | Learned a level 3 spell: Confusing Touch
  2511 | D:4      | a lemure changed into a hellwing
  2511 | D:4      | Noticed a hellwing
  2512 | D:4      | Noticed Pikel
  2519 | D:4      | XOM: confuse monster(s)
  2527 | D:4      | HP: 1/51 [hellwing[Pikel] (11)]
  2527 | D:4      | XOM: smoke on damage
  2528 | D:4      | Slain by a hellwing

Illustrated notes

Levels and vault maps discovered:
D:1:      erik_arrival_triangle_small, layout_basic,
          hellmonk_ecumenical_altar_crossroads
D:2:      layout_basic, basic_altar
D:3:      layout_rooms, nicolae_qazlal_general_emergency, grunt_decor_arrowhead
D:4:      layout_gridville, nzn_wu_jian_council_hall,
          mainiacjoe_overflow_alcove_4, mainiacjoe_overflow_big_doors,
          minmay_temple_entry_nine_rooms, chequers_jeans, columned_hall_lemuel,
          chequers_big_river, grunt_ministairs_3, minmay_misc_feat_five,
          kennysheep_small_circle, uniq_eustachio, uniq_crazy_yiuf_cottage,
          uniq_pikel

Skill      XL: |  1  2  3  4  5  6 |
---------------+-------------------+-----
Long Blades    | 3 4 |  4.6
Dodging        | 3 |  3.4
Armour         | 2 3 |  3.1
Shields        | 1 |  1.0
Spellcasting   | 1 |  1.0
Conjurations   | 1 |  1.0
Hexes          | 1 |  1.0
Summonings     | 1 |  1.0
Necromancy     | 1 |  1.0
Translocations | 1 |  1.0
Fire Magic     | 1 |  1.0
Ice Magic      | 1 |  1.0
Air Magic      | 1 |  1.0
Earth Magic    | 1 |  1.0
Alchemy        | 1 |  1.0
Fighting       | |  3.9
Stealth        | |  0.2

Action                     |  1- 3 |  4- 6 |  7- 9 || total
---------------------------+-------+-------+-------++-------
  Melee: Falchion          |    87 |   183 |     7 ||   277
    Use: Potion            |       |     3 |     3 ||     6
         Scroll            |       |       |     1 ||     1
   Stab: Confused          |     1 |       |       ||     1
 Armour: Leather armour    |    63 |    52 |       ||   115
         Ring mail         |       |    86 |    23 ||   109
  Dodge: Dodged            |    70 |   124 |    18 ||   212
  Block: Buckler           |    15 |    29 |     6 ||    50

Table legend: (Time is in decaauts)
 A = Elapsed time spent in this place.
 B = Non-inter-level travel time spent in this place.
 C = Inter-level travel time spent in this place.
 D = Time resting spent in this place.
 E = Time spent auto-exploring this place.
 F = Levels seen in this place.
 G = Mean time per level.
                   A        B        C        D        E       F      G
               +--------+--------+--------+--------+--------+-----+--------+
         Total |   2578 |   2541 |     37 |      0 |   1766 |   4 |  644.5 |
       Dungeon |   2578 |   2541 |     37 |      0 |   1766 |   4 |  644.5 |
               +--------+--------+--------+--------+--------+-----+--------+

Top non-repeatable levels by time:
     D:2: 765 daAuts
     D:4: 703 daAuts
     D:1: 612 daAuts
     D:3: 497 daAuts
